 Dungeon Crawl Stone Soup version 0.29-a0-23-ga79f92ac9c (webtiles) character file.

Game seed: 7115069630117005008

146 Gargoyl the Skirmisher (level 5, -5/47 HPs)
             Began as a Gnoll Abyssal Knight on Jan 30, 2022.
             Was a Follower of Lugonu.
             Splashed by a jelly's acid (8 damage)
             ... on level 4 of the Dungeon.
             The game lasted 00:02:39 (2761 turns).

Gargoyl the Skirmisher (Gnoll Abyssal Knight)       Turns: 2761, Time: 00:02:40

Health: -5/47      AC:  3    Str: 15    XL:     5   Next: 28%
Magic:  8/8        EV:  7    Int: 15    God:    Lugonu [*.....]
Gold:   82         SH:  0    Dex: 12    Spells: 6/6 levels left

rFire   . . .      SeeInvis .   a - +1 hand axe
rCold   . . .      Faith    .   (no shield)
rNeg    . . .      Spirit   .   c - +0 chain mail
rPois   .          Reflect  .   (no helmet)
rElec   .          Harm     .   (no cloak)
rCorr   .          Rampage  .   d - +1 pair of gloves
Will    .....                   (no boots)
Stlth   ..........              (no amulet)
HPRegen 0.15/turn               b - +6 ring of intelligence
MPRegen 0.11/turn               (no ring)

@: corroded
A: fangs 1, strong nose, distributed training
a: Renounce Religion, Depart the Abyss


You were on level 4 of the Dungeon.
You worshipped Lugonu.
Lugonu was aware of your devotion.
You visited 1 branch of the dungeon, and saw 4 of its levels.
You visited the Abyss 1 time.

You collected 82 gold pieces.

Inventory:

Hand Weapons
 a - a +1 hand axe (weapon)
Missiles
 i - 6 poisoned darts (quivered)
Armour
 c - a +0 chain mail (worn)
 d - a +1 pair of gloves (worn)
Jewellery
 b - a +6 ring of intelligence (left hand)
Wands
 h - a wand of iceblast (5)
Potions
 e - a potion of haste {unknown}
 f - a potion of lignification {unknown}
 g - a potion of resistance {unknown}
 j - a potion of invisibility {unknown}


   Skills:
 + Level 6.7 Fighting
 + Level 1.4 Short Blades
 + Level 1.4 Long Blades
 + Level 4.7 Axes
 + Level 1.4 Maces & Flails
 + Level 1.4 Polearms
 + Level 1.4 Staves
 + Level 1.4 Slings
 + Level 1.4 Bows
 + Level 1.4 Crossbows
 + Level 1.4 Throwing
 + Level 4.7 Armour
 + Level 2.9 Dodging
 + Level 1.4 Stealth
 + Level 1.4 Shields
 + Level 1.4 Unarmed Combat
 + Level 1.4 Spellcasting
 + Level 1.1 Conjurations
 + Level 1.1 Hexes
 + Level 1.1 Summonings
 + Level 1.1 Necromancy
 + Level 1.1 Translocations
 + Level 1.1 Transmutations
 + Level 1.1 Fire Magic
 + Level 1.1 Ice Magic
 + Level 1.1 Air Magic
 + Level 1.1 Earth Magic
 + Level 1.1 Poison Magic
 + Level 4.8 Invocations
 + Level 1.4 Evocations


You had 6 spell levels left.
You didn't know any spells.
Your spell library contained the following spells:

 Spells                   Type           Power      Damage    Failure   Level
 Inner Flame              Hex/Fire       4%         N/A       100%        3
 Cause Fear               Hex            2%         N/A       100%        4
 Discord                  Hex            2%         N/A       100%        8


Dungeon Overview and Level Annotations

Branches:
Dungeon (4/15)
 Temple: D:4-7

Altars:
Xom


Innate Abilities, Weirdness & Mutations

You have very sharp teeth.
Your uncanny sense of smell can sniff out nearby items.
Your experience applies equally to all skills.


Message History

You barely miss the jelly. You hit the dart slug but do no damage.
The dart slug launches a dart at you.
The slug dart hits you but does no damage.
The jelly hits you but does no damage.
You hit the jelly. The acid corrodes you!
Your hands burn!
The jelly is lightly wounded.
You hit the dart slug but do no damage. The jelly hits you.
The acid corrodes you!
You are splashed with acid!
The dart slug launches a dart at you. The slug dart hits you.
Unknown command.
You hit the jelly but do no damage.
Your hands burn!
The jelly is lightly wounded.
You hit the dart slug. The jelly hits you but does no damage.
You hit the jelly.
Your hands burn!
You bite the jelly, but do no damage.
The jelly is moderately wounded.
You hit the dart slug.
The dart slug bites you but does no damage.
The jelly hits you but does no damage.
Unknown command.
You hit the jelly.
Your hands burn!
The jelly is moderately wounded.
You hit the dart slug but do no damage. The jelly hits you.
You are splashed with acid.
The dart slug launches a dart at you. The slug dart misses you.
Unknown command.
You hit the jelly. The acid corrodes you!
Your hands burn!
* * * LOW HITPOINT WARNING * * *
You bite the jelly, but do no damage.
The jelly is severely wounded.
You hit the dart slug. The jelly hits you.
* * * LOW HITPOINT WARNING * * *
You are splashed with acid!
* * * LOW HITPOINT WARNING * * *
There is a stone staircase leading up here.
The jelly hits you.
* * * LOW HITPOINT WARNING * * *
You are splashed with acid!
You die...

####.#.....#
#..w........
##.#........
#K#........
#.##.......
#W# .......
#.# .......
#J# .......
#@# .......
###


You could see a phantom, a jelly, a dart slug and a kobold.

Vanquished Creatures
  An orc priest (D:3)
  Jessica (D:2)
  A gnoll (D:3)
  3 adders
  8 orcs (D:3)
  3 endoplasms (D:2)
  2 giant cockroaches
  3 goblins
  2 hobgoblins
  2 jackals (D:2)
  5 ball pythons
  7 bats
  8 kobolds
  2 rats (D:1)
48 creatures vanquished.

Notes
Turn   | Place    | Note
-------+----------+-------------------------------------------
     0 | Abyss:1  | Gargoyl the Gnoll Abyssal Knight began the quest for the
                  | Orb.
     0 | Abyss:1  | Reached XP level 1. HP: 23/23 MP: 3/3
     0 | D:1      | Escaped the Abyss
   331 | D:1      | Reached XP level 2. HP: 29/29 MP: 5/5
   354 | D:1      | Found a faded altar of an unknown god.
   901 | D:2      | Reached XP level 3. HP: 29/35 MP: 6/6
   949 | D:2      | Noticed Jessica
   957 | D:2      | Killed Jessica
   958 | D:2      | Reached skill level 1 in Short Blades
   958 | D:2      | Reached skill level 1 in Long Blades
   958 | D:2      | Reached skill level 1 in Maces & Flails
   958 | D:2      | Reached skill level 1 in Polearms
   958 | D:2      | Reached skill level 1 in Staves
   958 | D:2      | Reached skill level 1 in Slings
   958 | D:2      | Reached skill level 1 in Bows
   958 | D:2      | Reached skill level 1 in Crossbows
   958 | D:2      | Reached skill level 1 in Throwing
   958 | D:2      | Reached skill level 1 in Stealth
   958 | D:2      | Reached skill level 1 in Shields
   958 | D:2      | Reached skill level 1 in Unarmed Combat
   958 | D:2      | Reached skill level 1 in Spellcasting
   958 | D:2      | Reached skill level 1 in Evocations
  1138 | D:2      | Reached * piety under Lugonu
  1139 | D:2      | Reached XP level 4. HP: 41/41 MP: 7/7
  2159 | D:3      | Found a shimmering altar of Xom.
  2202 | D:3      | Reached skill level 1 in Conjurations
  2202 | D:3      | Reached skill level 1 in Hexes
  2202 | D:3      | Reached skill level 1 in Summonings
  2202 | D:3      | Reached skill level 1 in Necromancy
  2202 | D:3      | Reached skill level 1 in Translocations
  2202 | D:3      | Reached skill level 1 in Transmutations
  2202 | D:3      | Reached skill level 1 in Fire Magic
  2202 | D:3      | Reached skill level 1 in Ice Magic
  2202 | D:3      | Reached skill level 1 in Air Magic
  2202 | D:3      | Reached skill level 1 in Earth Magic
  2202 | D:3      | Reached skill level 1 in Poison Magic
  2291 | D:3      | Reached XP level 5. HP: 47/47 MP: 8/8
  2746 | D:4      | Noticed a phantom
  2752 | D:4      | HP: 2/47 [acid (9)]
  2761 | D:4      | Splashed by a jelly's acid

Illustrated notes

Levels and vault maps discovered:
D:1:      dpeg_arrival_yet_another_circle, layout_basic,
          dreamdust_ecumenical_altar_statues
D:2:      layout_basic, uniq_jessica
D:3:      layout_basic, mainiacjoe_overflow_six_doors_small, st_stairs_3
D:4:      layout_basic, fedhas_altar_3, mainiacjoe_overflow_alcove_4,
          amcnicky_altar_gilded, serial_corexii_hall, chequers_hall_statues_y,
          corexii_hall_statues_i, uniq_menkaure, uniq_edmund, uniq_eustachio

Skill      XL: |  1  2  3  4 |
---------------+-------------+-----
Short Blades   | 1 |  1.4
Long Blades    | 1 |  1.4
Maces & Flails | 1 |  1.4
Polearms       | 1 |  1.4
Staves         | 1 |  1.4
Slings         | 1 |  1.4
Bows           | 1 |  1.4
Crossbows      | 1 |  1.4
Throwing       | 1 |  1.4
Stealth        | 1 |  1.4
Shields        | 1 |  1.4
Unarmed Combat | 1 |  1.4
Spellcasting   | 1 |  1.4
Evocations     | 1 |  1.4
Conjurations   | 1 |  1.1
Hexes          | 1 |  1.1
Summonings     | 1 |  1.1
Necromancy     | 1 |  1.1
Translocations | 1 |  1.1
Transmutations | 1 |  1.1
Fire Magic     | 1 |  1.1
Ice Magic      | 1 |  1.1
Air Magic      | 1 |  1.1
Earth Magic    | 1 |  1.1
Poison Magic   | 1 |  1.1
Fighting       | |  6.7
Axes           | |  4.7
Armour         | |  4.7
Dodging        | |  2.9
Invocations    | |  4.8

Action                   |  1- 3 |  4- 6 || total
-------------------------+-------+-------++-------
Melee: Hand axe          |    45 |    94 ||   139
       Bite              |     4 |     8 ||    12
       Punch             |       |     4 ||     4
Invok: Depart the Abyss  |     1 |       ||     1
  Use: Scroll            |       |     2 ||     2
       Potion            |       |     1 ||     1
 Stab: Sleeping          |       |     1 ||     1
Armor: Ring mail         |    20 |    28 ||    48
       Leather armour    |     1 |       ||     1
       Chain mail        |       |    37 ||    37
Dodge: Dodged            |    27 |    43 ||    70

Table legend: (Time is in decaauts)
 A = Elapsed time spent in this place.
 B = Non-inter-level travel time spent in this place.
 C = Inter-level travel time spent in this place.
 D = Time resting spent in this place.
 E = Time spent auto-exploring this place.
 F = Levels seen in this place.
 G = Mean time per level.
                   A        B        C        D        E       F      G
               +--------+--------+--------+--------+--------+-----+--------+
         Total |   2769 |   2720 |     49 |      0 |   2224 |   5 |  553.8 |
       Dungeon |   2769 |   2720 |     49 |      0 |   2224 |   4 |  692.2 |
         Abyss |      0 |      0 |      0 |      0 |      0 |   1 |    0.0 |
               +--------+--------+--------+--------+--------+-----+--------+

Top non-repeatable levels by time:
     D:2: 1353 daAuts
     D:1: 717 daAuts
     D:3: 676 daAuts
     D:4: 23 daAuts
